 Dungeon Crawl Stone Soup version 0.28.0 (webtiles) character file.

Game seed: 11521300031830972771

212 Bearnado the Poker (level 5, 0/48 HPs)
             Began as a Minotaur Berserker on Feb 11, 2022.
             Was a Believer of Trog.
             Splashed by a jelly's acid (5 damage)
             ... on level 3 of the Dungeon.
             The game lasted 00:10:48 (2639 turns).

Bearnado the Poker (Minotaur Berserker)             Turns: 2639, Time: 00:10:48

Health: 0/48       AC:  2    Str: 21    XL:     5   Next: 58%
Magic:  4/4        EV:  8    Int:  4    God:    Trog [**....]
Gold:   147        SH:  0    Dex: 12    Spells: 4/4 levels left

rFire   . . .      SeeInvis .   a - +0 spear
rCold   . . .      Faith    .   (no shield)
rNeg    + . .      Spirit   .   w - +0 chain mail
rPois   .          Reflect  .   (helmet restricted)
rElec   .          Harm     .   (no cloak)
rCorr   .          Rampage  .   b - +0 pair of gloves
Will    .....                   (no boots)
Stlth   ..........              (no amulet)
HPRegen 0.16/turn               e - ring of positive energy
MPRegen 0.09/turn               (no ring)

@: corroded, on berserk cooldown, slowed, very slow
A: horns 2, retaliatory headbutt
a: Renounce Religion, Berserk, Trog's Hand


You were on level 3 of the Dungeon.
You worshipped Trog.
Trog was pleased with you.
You visited 1 branch of the dungeon, and saw 3 of its levels.

You collected 147 gold pieces.

Inventory:

Hand Weapons
 a - a +0 spear (weapon)
 d - a +0 trident
 h - a +0 war axe
Missiles
 f - 26 bolts
 s - 32 arrows
Armour
 b - a +0 pair of gloves (worn)
 i - an orb of guile
 m - a +0 barding
 r - a +2 animal skin
 w - a +0 chain mail (worn)
Jewellery
 e - a ring of positive energy (left hand)
 p - an amulet of regeneration
 u - a ring of poison resistance
 x - a ring of protection from cold
Wands
 q - a wand of digging (6)
 t - a wand of flame (7)
Scrolls
 g - a scroll of noise {unknown}
 k - 2 scrolls of identify {unknown}
 l - 4 scrolls of teleportation {unknown}
 n - a scroll of magic mapping {unknown}
 o - a scroll of blinking {unknown}
Potions
 c - a potion of haste {unknown}
 j - a potion of attraction {unknown}
 v - a potion of heal wounds {unknown}


   Skills:
 + Level 5.3 Fighting
 + Level 5.5 Polearms
 + Level 2.6 Armour
 + Level 3.2 Dodging
 + Level 1.0 Stealth


You had 4 spell levels left.
You didn't know any spells.
Your spell library was empty.

Dungeon Overview and Level Annotations

Branches:
Dungeon (3/15)

Altars:
Trog
Xom

Shops:
D:2 :


Innate Abilities, Weirdness & Mutations

You have a pair of horns on your head.
You reflexively headbutt those who attack you in melee.


Message History

The jelly closely misses you.
You hit the jelly but do no damage.
Your hands burn!
The jelly is heavily wounded.
You hit the jelly but do no damage. The acid corrodes you!
Your hands burn!
The jelly is heavily wounded.
The jelly barely misses you. You furiously retaliate!
You headbutt the jelly, but do no damage.
You hit the jelly.
Your hands burn!
The jelly is heavily wounded.
The jelly hits you.
You are splashed with acid!
You are too injured to fight recklessly!
A red film seems to cover your vision as you go berserk!
You feel yourself moving faster!
You feel mighty! The jelly barely misses you.
You hit the jelly but do no damage.
Your hands burn!
Your headbutt misses the jelly.
The jelly is heavily wounded.
The jelly barely misses you.
You puncture the jelly!
You kill the jelly!
Trog accepts your kill.
There is an open door here.
You feel a strong urge to attack something.
The door flies open with a bang!
You are no longer berserk.
You are exhausted.
You feel yourself slow down.
You hear an angry hiss.
There is an open door here.
You open the door.
A jelly comes into view.
The jelly quivers.
The jelly closely misses you.
You hit the jelly.
Your hands burn!
The jelly is lightly wounded.
The jelly hits you.
* * * LOW HITPOINT WARNING * * *
You are splashed with acid!
* * * LOW HITPOINT WARNING * * *
You hit the jelly.
Your hands burn!
You die...

#.### #.# ##........#
#.# ##+####
##.##.###.# #.#
##.....#######...##.#
#.#
##......'.'..#####.#.#
..# ##.......###...##
#.#.# .####........#
#...####.#.#####
...>'........+
+._.#...........
.####........#
#...#.#.######## ##
##.......# #@..###.# #
##......+.J..####.#
##.....####### #.#
#+##### ### #.# #. #.#
#.# #.# ######.## #.#
#......^## #.#
####.##..... #.#


You could see a jelly.

Vanquished Creatures
  A scorpion (D:3)
  A jelly (D:3)
  Robin (D:2)
  A howler monkey zombie (D:3)
  2 adders
  2 worms (D:2)
  4 orcs (D:3)
  4 endoplasms (D:1)
  2 giant cockroaches
  18 goblins
  11 hobgoblins
  4 jackals (D:2)
  A quokka (D:1)
  5 ball pythons
  A bat (D:2)
  3 frilled lizards
  5 kobolds
  6 rats
72 creatures vanquished.

Vanquished Creatures (others)
  A fungus (D:2)
  3 plants (D:2)
4 creatures vanquished.

Grand Total: 76 creatures vanquished

Notes
Turn   | Place    | Note
-------+----------+-------------------------------------------
     0 | D:1      | Bearnado the Minotaur Berserker began the quest for the
                  | Orb.
     0 | D:1      | Reached XP level 1. HP: 19/19 MP: 0/0
   338 | D:1      | Reached XP level 2. HP: 21/27 MP: 1/1
   914 | D:2      | Found Biodibb's Book Boutique.
   971 | D:2      | Reached XP level 3. HP: 12/33 MP: 2/2
  1303 | D:2      | Found a bloodstained altar of Trog.
  1475 | D:2      | Found a faded altar of an unknown god.
  1643 | D:2      | Noticed Robin
  1652 | D:2      | Reached ** piety under Trog
  1661 | D:2      | Killed Robin
  1662 | D:2      | Reached XP level 4. HP: 41/41 MP: 3/3
  1945 | D:3      | Reached skill level 5 in Fighting
  1950 | D:3      | Noticed a scorpion
  1960 | D:3      | Killed a scorpion
  1961 | D:3      | Reached skill level 5 in Polearms
  1961 | D:3      | Reached skill level 1 in Stealth
  1961 | D:3      | Reached XP level 5. HP: 11/48 MP: 4/4
  1965 | D:3      | HP: 2/48 [poisoned by a scorpion]
  2240 | D:3      | Found a bloodstained altar of Trog.
  2467 | D:3      | Found a shimmering altar of Xom.
  2639 | D:3      | Splashed by a jelly's acid

Illustrated notes

Levels and vault maps discovered:
D:1:      wander_arrival_peaceful_grave, layout_rooms,
          chequers_serial_rivers_small_b, minmay_pentomino_z4
D:2:      layout_rooms, basic_altar,
          dreamdust_ecumenical_altar_hidden_monk_grotto, serial_shops, shop,
          minmay_tiny_reverse_x, uniq_robin
D:3:      layout_loops_corners, dk_xom_monty_hall, old_standard_altar

Skill      XL: |  1  2  3  4 |
---------------+-------------+-----
Fighting       | 4 5 |  5.3
Polearms       | 4 5 |  5.5
Dodging        | 3 |  3.2
Stealth        | 1 |  1.0
Armour         | |  2.6

Action                   |  1- 3 |  4- 6 || total
-------------------------+-------+-------++-------
Melee: Spear             |   109 |    84 ||   193
       Headbutt          |    12 |    12 ||    24
Invok: Berserk           |     5 |     2 ||     7
       Trog's Hand       |       |     1 ||     1
Armor: Animal skin       |    11 |     8 ||    19
       Chain mail        |       |     5 ||     5
Dodge: Dodged            |    59 |    24 ||    83
